 Dungeon Crawl Stone Soup version 0.28-a0-533-g9f97627e2a (webtiles) character file.

Game seed: 7666134606822486280

19 varam the Insei (level 2, 0/17 (21) HPs)
             Began as a Demonspawn Transmuter on Sept 25, 2021.
             Slain by a necrophage (1 damage)
             ... on level 3 of the Dungeon.
             The game lasted 00:05:16 (1131 turns).

varam the Insei (Demonspawn Transmuter)             Turns: 1131, Time: 00:05:16

HP:   0/17 (21)     AC:  2    Str: 10    XL:     2   Next: 55%
MP:   4/5           EV: 12    Int: 14    God:
Gold: 129           SH:  0    Dex: 13    Spells: 2/5 levels left

rFire   . . .      SeeInvis .     - Unarmed
rCold   . . .      Faith    .   (no shield)
rNeg    . . .      Spirit   .   a - +0 robe
rPois   .          Reflect  .   (helmet currently unavailable)
rElec   .          Harm     .   (no cloak)
rCorr   .          Rampage  .   (no gloves)
Will    .....                   (boots currently unavailable)
Stlth   +.........              (no amulet)
HPRegen 0.05/turn               (no ring)
MPRegen 0.09/turn               (no ring)

@: appendages (expiring), heavily drained
A: talons 2, horns 1
a: End Transformation


You were on level 3 of the Dungeon.
You had temporarily grown beastly talons.
You visited 1 branch of the dungeon, and saw 3 of its levels.

You collected 173 gold pieces.
You spent 44 gold pieces at shops.

Inventory:

Hand Weapons
 d - a +0 hand axe of venom
   (You found it on level 1 of the Dungeon)
Armour
 a - a +0 robe (worn)
 b - a +2 pair of boots of rampaging (melded)
   (You found it on level 1 of the Dungeon)
Jewellery
 k - a ring of resist corrosion
   (You found it on level 1 of the Dungeon)
Scrolls
 r - 2 scrolls of identify
Potions
 c - a potion of curing {unknown}
 f - a potion of might {unknown}


   Skills:
 - Level 1.0 Fighting
 - Level 1.7 Dodging
 + Level 3.1 Unarmed Combat
 - Level 2.0 Spellcasting
 + Level 2.3 Transmutations


You had 2 spell levels left.
You knew the following spells:

 Your Spells              Type           Power      Damage    Failure   Level
a - Beastly Appendage     Tmut           16%        N/A       9%          1
b - Wereblood             Tmut           8%         N/A       14%         2

Your spell library contained the following spells:

 Spells                   Type           Power      Damage    Failure   Level
 Shock                    Conj/Air       4%         1d3       24%         1
 Spider Form              Tmut/Pois      2%         N/A       41%         3
 Swiftness                Air            1%         N/A       56%         3
 Ice Form                 Ice/Tmut       4%         N/A       82%         4
 Airstrike                Air            0%         N/A       93%         4


Dungeon Overview and Level Annotations

Branches:
Dungeon (3/15)

Altars:

Shops:
D:1 ?


Innate Abilities, Weirdness & Mutations

You have temporarily grown beastly talons.
You have a pair of small horns on your head.


Message History

The necrophage hits you.
Your transformation is almost over.
Your talons disappear.
Your +2 pair of boots of rampaging unmelds from your body.
You feel ready to rampage towards enemies.
You see here a +0 mace.
You see here 8 sling bullets.
There is a stone staircase leading down here.
The necrophage hits you.
You feel drained.
You climb downwards.
There is a stone staircase leading up here.
Casting: Beastly Appendage (safe; 9% risk of failure)
Confirm with . or Enter, or press ? or * to list all spells.
Your feet morph into talons.
Your +2 pair of boots of rampaging melds into your body.
You no longer feel able to rampage towards enemies.
The necrophage misses you.
You hit the necrophage but do no damage.
The necrophage misses you.
You hit the necrophage but do no damage.
You claw the necrophage. You headbutt the necrophage.
The necrophage is lightly damaged.
The necrophage hits you.
You feel drained.
You hit the necrophage. You claw the necrophage.
The necrophage is heavily damaged.
The necrophage closely misses you.
You hit the necrophage.
The necrophage is heavily damaged.
The necrophage hits you.
You feel drained.
* * * LOW HITPOINT WARNING * * *
You closely miss the necrophage. You claw the necrophage.
The necrophage is heavily damaged.
The necrophage closely misses you.
You hit the necrophage. Your headbutt misses the necrophage.
The necrophage is severely damaged.
Your transformation is almost over.
The necrophage hits you.
* * * LOW HITPOINT WARNING * * *
You feel drained.
You die...

### ..#
#.# #.#
#.# #.#
#n#######
#@.......
####.....
... .


You could see a necrophage.

Vanquished Creatures
  2 ball pythons (D:1)
  An endoplasm (D:1)
  A giant cockroach (D:1)
  4 goblins
  4 hobgoblins (D:1)
  A bat (D:1)
  3 kobolds
  2 rats (D:1)
18 creatures vanquished.

Notes
Turn   | Place    | Note
-------+----------+-------------------------------------------
     0 | D:1      | varam the Demonspawn Transmuter began the quest for the
                  | Orb.
     0 | D:1      | Reached XP level 1. HP: 15/15 MP: 3/3
   546 | D:1      | Mutation became permanent: You have a pair of small horns
                  | on your head. [demonic ancestry]
   546 | D:1      | Gained mutation: You have a pair of horns on your head.
                  | [demonic ancestry]
   546 | D:1      | Reached XP level 2. HP: 21/21 MP: 3/5
   546 | D:1      | Found Peson's Magic Scroll Emporium.
   557 | D:1      | Reached skill level 3 in Unarmed Combat
   564 | D:1      | Bought 2 scrolls of identify for 44 gold pieces
   649 | D:1      | Learned a level 2 spell: Wereblood
  1073 | D:2      | Noticed a necrophage
  1131 | D:3      | Slain by a necrophage

Illustrated notes

Levels and vault maps discovered:
D:1:      dpeg_arrival_rooms_with_view, layout_basic, serial_curves,
          eino_curves_01, eino_curves_02, serial_shops, shop_coins
D:2:      layout_loops_corners, serial_shops, nicolae_shop_crystal
D:3:      layout_loops_ring, eino_tiny_chamber

Skill      XL: |  1  2 |
---------------+-------+-----
Transmutations | 2 |  2.3
Unarmed Combat | 3 |  3.1
Fighting       | |  1.0
Dodging        | |  1.7
Spellcasting   | |  2.0

Action                   || total
-------------------------++-------
Melee: Unarmed           ||    53
       Kick              ||     7
       Punch             ||     1
       Headbutt          ||     2
 Cast: Beastly Appendage ||    13
  Use: Scroll            ||     1
 Stab: Sleeping          ||     1
Armor: Robe              ||     6
Dodge: Dodged            ||    38

Table legend: (Time is in decaauts)
 A = Elapsed time spent in this place.
 B = Non-inter-level travel time spent in this place.
 C = Inter-level travel time spent in this place.
 D = Time resting spent in this place.
 E = Time spent auto-exploring this place.
 F = Levels seen in this place.
 G = Mean time per level.
                   A        B        C        D        E       F      G
               +--------+--------+--------+--------+--------+-----+--------+
         Total |   1128 |   1103 |     25 |     11 |    846 |   3 |  376.0 |
       Dungeon |   1128 |   1103 |     25 |     11 |    846 |   3 |  376.0 |
               +--------+--------+--------+--------+--------+-----+--------+

Top non-repeatable levels by time:
     D:1: 926 daAuts
     D:2: 195 daAuts
     D:3: 6 daAuts
